 Dungeon Crawl Stone Soup version 0.29-a0-732-g3d7fbe0af2 (webtiles) character file.

Game seed: 14474516299320910346

1 eooof the Conjurer (level 1, -3/14 HPs)
             Began as a Demigod Conjurer on June 29, 2022.
             Slain by a hobgoblin (4 damage)
             ... on level 2 of the Dungeon.
             The game lasted 00:01:15 (195 turns).

eooof the Conjurer (Demigod Conjurer)                Turns: 195, Time: 00:01:16

Health: -3/14      AC:  3    Str:  8    XL:     1   Next: 13%
Magic:  1/5        EV: 12    Int: 20    God:
Gold:   58         SH:  0    Dex: 12    Spells: 2/3 levels left

rFire   . . .      SeeInvis .   (no weapon)
rCold   . . .      Faith    .   (no shield)
rNeg    . . .      Spirit   .   a - +0 robe
rPois   .          Reflect  .   (no helmet)
rElec   .          Harm     .   (no cloak)
rCorr   .          Rampage  .   d - +0 pair of gloves
Will    .....                   (no boots)
Stlth   ++........              (no amulet)
HPRegen 0.04/turn               (no ring)
MPRegen 0.09/turn               (no ring)

@: no status effects
A: high MP 1, forlorn, divine attributes
a: no special abilities


You were on level 2 of the Dungeon.
You visited 1 branch of the dungeon, and saw 2 of its levels.

You collected 58 gold pieces.

Inventory:

Armour
 a - a +0 robe (worn)
 d - a +0 pair of gloves (worn)
Potions
 b - a potion of magic


   Skills:
 + Level 1.8 Dodging
 + Level 1.8 Stealth
 + Level 1.7 Spellcasting
 + Level 3.6 Conjurations


You had 2 spell levels left.
You knew the following spells:

 Your Spells              Type           Power      Damage    Failure   Level
a - Magic Dart            Conj           64%        1d6       3%          1

Your spell library contained the following spells:

 Spells                   Type           Power      Damage    Failure   Level
 Searing Ray              Conj           32%        2d5       5%          2
 Dazzling Flash           Conj/Hex       18%        N/A       22%         3
 Fulminant Prism          Conj/Hex       4%         3d6       58%         4
 Iskenderun's Mystic Bla  Conj/Tloc      9%         2d4       58%         4


Dungeon Overview and Level Annotations

Branches:
Dungeon (2/15)


Innate Abilities, Weirdness & Mutations

You have an increased reservoir of magic. (+10% MP)
You shall have no god before yourself.
Your divine heritage dramatically boosts your attributes as you level up.


Message History

The bat closely misses you. The bat barely misses you.
The bat attacks as you move away! The bat hits you but does no damage.
The bat barely misses you. x2
The bat attacks as you move away! The bat barely misses you. The bat hits you.
A goblin comes into view. It is wielding a +0 club.
The goblin shouts!
The bat completely misses you. The bat barely misses you.
The bat hits you but does no damage. The bat misses you.
The bat barely misses you.
Casting: Magic Dart (safe; 3% risk of failure)
Confirm with . or Enter, or press ? or * to list all spells.
Aiming: Magic Dart (safe; 3% risk of failure)
Press: ? - help, Shift-Dir - straight line, f/p - worm
Aim: a worm (moderately wounded, 100% to hit)
The magic dart hits the bat.
You kill the bat!
A ball python comes into view.
Found a scroll labelled BOBBAM DOALI and a fuming golden potion.
A hobgoblin and a ball python come into view.
The ball python hisses angrily.
The hobgoblin shouts!
Found 5 gold pieces.
The ball python barely misses you. x2
The ball python closely misses you. The ball python misses you.
A hobgoblin comes into view.
The goblin misses you. The hobgoblin completely misses you.
The hobgoblin shouts!
The ball python hisses angrily.
A bat comes into view.
The ball python bites you. The ball python barely misses you.
The hobgoblin attacks as you move away! The hobgoblin barely misses you.
You see here 5 gold pieces.
The ball python barely misses you. The ball python grabs you.
The ball python constricts you. The ball python bites you.
* * * LOW HITPOINT WARNING * * *
The hobgoblin hits you.
* * * LOW HITPOINT WARNING * * *
You escape the ball python's grasp.
The hobgoblin attacks as you move away! The hobgoblin hits you.
You die...

..........
##........##
###..........#
............#
#...!......#
#......?...#
#.....g.S..#
#....gg@.#
##....S$##
#..##### #.##
#.# #.# #.#
#w# .######.#


You could see 2 hobgoblins, a goblin and 2 ball pythons.

Vanquished Creatures
  A bat (D:2)
  A kobold (D:1)
2 creatures vanquished.

Notes
Turn   | Place    | Note
-------+----------+-------------------------------------------
     0 | D:1      | eooof the Demigod Conjurer began the quest for the Orb.
     0 | D:1      | Reached XP level 1. HP: 14/14 MP: 5/5
   195 | D:2      | Slain by a hobgoblin

Illustrated notes

Levels and vault maps discovered:
D:1:      dpeg_arrival_concentric_ovals, layout_basic
D:2:      layout_rooms

Action                   || total
-------------------------++-------
 Cast: Magic Dart        ||     9
  Use: Potion            ||     1
Armor: Robe              ||     3
Dodge: Dodged            ||    21

Table legend: (Time is in decaauts)
 A = Elapsed time spent in this place.
 B = Non-inter-level travel time spent in this place.
 C = Inter-level travel time spent in this place.
 D = Time resting spent in this place.
 E = Time spent auto-exploring this place.
 F = Levels seen in this place.
 G = Mean time per level.
                   A        B        C        D        E       F      G
               +--------+--------+--------+--------+--------+-----+--------+
         Total |    207 |    207 |      0 |      0 |      0 |   2 |  103.5 |
       Dungeon |    207 |    207 |      0 |      0 |      0 |   2 |  103.5 |
               +--------+--------+--------+--------+--------+-----+--------+

Top non-repeatable levels by time:
     D:1: 170 daAuts
     D:2: 36 daAuts
